 Dungeon Crawl Stone Soup version 0.31-a0-1616-gbeaec30b81 (webtiles) character file.

Game seed: 11607564583301954088

48833 ketsa the Eclecticist (level 14, -6/72 HPs)
             Began as a Deep Elf Conjurer on Jan 6, 2024.
             Was the Champion of Hepliaklqana.
             Mangled by a death yak (20 damage)
             ... on level 4 of the Lair of Beasts on Jan 10, 2024.
             The game lasted 01:55:31 (24184 turns).

ketsa the Eclecticist (Deep Elf Conjurer)          Turns: 24184, Time: 01:55:31

Health: -6/72      AC:  9    Str:  4    XL:     14   Next: 13%
Magic:  15/35      EV: 12    Int: 29    God:    Hepliaklqana [******]
Gold:   1727       SH:  0    Dex: 13    Spells: 25/44 levels left

rFire   + . .        F - staff of conjuration
rCold   + . .        (no shield)
rNeg    . . .        q - +0 robe {rC+}
rPois   .            W - +0 helmet
rElec   .            (no cloak)
rCorr   .            w - +2 pair of gloves
SInv    .            E - +2 pair of boots {Fly}
Will    ++...        i - amulet of magic regeneration
Stlth   +++          C - ring of protection from fire
HPRegen 0.32/turn    Q - ring of willpower
MPRegen 0.64/turn

%: no passive effects
@: sluggish, flying, very slow
A: reduced essence
a: Renounce Religion, Recall Ancestor, Ancestor Identity, Transference, Idealise


You were on level 4 of the Lair of Beasts.
You worshipped Hepliaklqana.
Hepliaklqana was exalted by your worship.
You visited 6 branches of the dungeon, and saw 22 of its levels.
You also visited: Ossuary and Ice Cave.

You collected 2339 gold pieces.
You spent 612 gold pieces at shops.

Inventory:

Hand Weapons
 j - a +2 short sword of freezing
 n - a +2 dagger of draining
Missiles
 H - 3 throwing nets
Armour
 q - a +0 robe of cold resistance (worn)
 w - a +2 pair of gloves (worn)
 E - a +2 pair of boots of flying (worn)
 P - the +0 pair of gloves of Noon {+Inv rC- Dex-4 Slay+5}
   (You bought it in a shop on level 2 of the Orcish Mines)

   Dex-4:     It affects your dexterity (-4).
   Slay+5:    It affects your accuracy & damage with ranged weapons and melee
   (+5).
   rC-:       It makes you vulnerable to cold.
   +Inv:      It lets you turn invisible.
 W - a +0 helmet (worn)
 X - +0 swamp dragon scales
Magical Staves
 F - a staff of conjuration (weapon)
Jewellery
 f - an amulet of regeneration
 h - a +6 ring of dexterity
 i - an amulet of magic regeneration (around neck)
 C - a ring of protection from fire (left hand)
 Q - a ring of willpower (right hand)
 U - an amulet of reflection
 V - a ring of protection from fire
Wands
 a - a wand of flame (29)
 c - a wand of polymorph (7)
 d - a wand of digging (5)
 O - a wand of mindburst (9)
 R - a wand of iceblast (4)
Scrolls
 m - 2 scrolls of revelation
 r - a scroll of poison
 s - 2 scrolls of immolation
 u - 12 scrolls of teleportation
 y - a scroll of enchant weapon {unknown}
 D - 5 scrolls of fog
 G - 2 scrolls of torment
 I - 2 scrolls of fear {unknown}
 J - 3 scrolls of enchant armour
 L - a scroll of vulnerability {unknown}
 M - a scroll of silence {unknown}
 N - a scroll of butterflies {unknown}
 T - a scroll of acquirement {unknown}
 Y - a scroll of blinking {unknown}
 Z - 3 scrolls of amnesia {unknown}
Potions
 b - a potion of magic
 e - 4 potions of haste
 g - 3 potions of attraction
 k - 2 potions of resistance
 l - a potion of enlightenment {unknown}
 o - 6 potions of brilliance
 p - 3 potions of might
 t - 3 potions of heal wounds
 v - 4 potions of ambrosia
 z - 4 potions of curing
 A - 3 potions of mutation
 B - a potion of invisibility {unknown}
 K - 2 potions of lignification
 S - a potion of cancellation {unknown}


   Skills:
 + Level 6.9 Fighting
 - Level 2.4 Dodging
 - Level 6.5 Stealth
 + Level 15.5 Spellcasting
 - Level 14.0 Conjurations
 + Level 4.0 Summonings
 - Level 7.6 Translocations
 - Level 8.0 Air Magic
 - Level 8.9 Alchemy
 - Level 5.8 Invocations
 - Level 5.7 Evocations


You had 25 spell levels left.
You knew the following spells:

 Your Spells              Type           Power      Damage    Failure   Level
a - Magic Dart            Conj           100%       1d8       0%          1
b - Searing Ray           Conj           100%       2d8       0%          2
c - Fulminant Prism       Conj/Alch      46%        3d21      1%          4
d - Iskenderun's Mystic   Conj/Tloc      91%        2d18      1%          4
e - Swiftness             Air            62%        N/A       1%          3
f - Arcjolt               Conj/Air       46%        1d56      1%          5

Your spell library contained the following spells:

 Spells                   Type           Power      Damage    Failure   Level
 Shock                    Conj/Air       100%       1d9       1%          1
 Call Imp                 Summ           92%        N/A       1%          2
 Lesser Beckoning         Tloc           100%       N/A       1%          2
 Gell's Gravitas          Tloc           61%        N/A       1%          3
 Stone Arrow              Conj/Erth      100%       3d13      1%          3
 Teleport Other           Tloc           61%        N/A       1%          3
 Airstrike                Air            31%        2d(5-21)  1%          4
 Brom's Barrelling Bould  Conj/Erth      76%        2d9       1%          4
 Passage of Golubria      Tloc           61%        N/A       1%          4
 Summon Lightning Spire   Summ/Air       55%        N/A       1%          4
 Vhi's Electric Charge    Tloc/Air       100%       N/A       1%          4
 Necrotise                Necr           88%        1d8       2%          1
 Sandblast                Erth           44%        2d11      2%          1
 Ensorcelled Hibernation  Hex/Ice        44%        N/A       3%          2
 Sublimation of Blood     Necr           22%        N/A       3%          2
 Passwall                 Erth           22%        N/A       6%          3
 Tukima's Dance           Hex            22%        N/A       6%          3
 Vampiric Draining        Necr           22%        2d7       6%          3
 Animate Armour           Summ/Erth      68%        N/A       9%          4
 Martyr's Knell           Necr/Summ      34%        N/A       9%          4
 Yara's Violent Unravell  Hex/Alch       24%        3d11      10%         5
 Curse of Agony           Necr           22%        N/A       52%         5
 Lee's Rapid Deconstruct  Erth           11%        3d8*      52%         5
 Plasma Beam              Fire/Air       22%        2x1d34    54%         6
 Malign Gateway           Summ/Tloc      27%        N/A       85%         7
 Summon Hydra             Summ           23%        N/A       98%         7
 Summon Horrible Things   Summ           23%        N/A       100%        8


Dungeon Overview and Level Annotations

Branches:
Dungeon (13/15)            Temple (1/1) D:7            Lair (4/5) D:11
  Swamp (0/4) Lair:3       Spider (1/4) Lair:2          Orc (2/2) D:12
    Elf (1/3) Orc:2       Ossuary (visited)           IceCv (visited)
  Slime: Lair:4-5    Vaults: D:13-14

Altars:
Ashenzari
Cheibriados
Dithmenos
Elyvilon
Fedhas
Gozag
Hepliaklqana
Kikubaaqudgha
Makhleb
Nemelex Xobeh
Okawaru
Qazlal
Ru
Sif Muna
Trog
Uskayaw
Vehumet
Wu Jian
Xom
Yredelemnul
Zin
The Shining One

Shops:
D:10 =   D:11 :   D:13 [   Orc:2 (![[(

Annotations:
D:6 3 runed translucent doors, PanSaczeczos's ghost, novice MfHu
Lair:2 1 runed translucent door, Ateliawn's ghost, journeyman GnFi
Lair:3 exclusion: 2 downstairs


Message History

The death yak is moderately wounded.
The death yak gores you! The death yak gores you.
Casting: Arcjolt (dangerous; 1% risk of failure)
Confirm with . or Enter, or press ? or * to list all spells.
You feel a surge of power!
Electricity surges outward!
The death yak is struck by an electric surge.
The death yak is struck by an electric surge!!!
You kill the death yak!
The death yak is struck by an electric surge!
The death yak is severely wounded.
The fungus is struck by an electric surge!!
The fungus is lightly damaged.
The death yak is struck by an electric surge!!!
The death yak is almost dead.
The death yak gores you!
* * * LOW HITPOINT WARNING * * *
The death yak misses you.
The death yak gores you but does no damage.
Casting: Arcjolt (dangerous; 1% risk of failure)
Confirm with . or Enter, or press ? or * to list all spells.
You feel a surge of power!
Electricity surges outward!
The death yak is struck by an electric surge.
The death yak is heavily wounded.
The death yak is struck by an electric surge!!!
You kill the death yak!
The fungus is struck by an electric surge!!!
The fungus is heavily damaged.
The death yak is struck by an electric surge!!
You kill the death yak!
A nearby fungus withers and dies.
The death yak gores you.
* * * LOW HITPOINT WARNING * * *
Your Summonings skill increases to level 4!
Casting: Arcjolt (dangerous; 1% risk of failure)
Confirm with . or Enter, or press ? or * to list all spells.
You feel a surge of power!
You erupt in a blast of force!
The mystic blast hits the death yak!!
The death yak is almost dead.
The death yak is knocked back by the mystic blast.
The death yak gores you!!
You die...

## ########### ######## .#
PP#..#P.##.#####...##.#########$.
......P..........................
................................†
....................†.†..........
................@Y...............
......#.##.....##P.#...#....P###.
....P## ##....##########....##
.....# #......# #....# ....##
##.....# #....# .....# ##.....#
#....# ....## #......# #....#
....# #......# ...... ....#
##....## #....##


You could see a death yak.

Vanquished Creatures
  Donald (Orc:2)
  A hydra (Lair:4)
  An ogre mage (Orc:2)
  A centaur warrior (D:12)
  5 death yaks (Lair:4)
  5 two-headed ogres
  3 orc high priests (Orc:2)
  A goliath frog (Lair:3)
  Lodul (D:11)
  3 deep elf pyromancers (Elf:1)
  4 orc knights (Orc:2)
  3 ugly things
  4 orc sorcerers
  3 ice statues (IceCv)
  4 kobold blastminers
  2 black mambas (Lair:2)
  A torpor snail (Lair:4)
  11 cane toads
  Maggie (Lair:1)
  An anaconda simulacrum (IceCv)
  4 komodo dragons
  8 trolls
  A merfolk (D:8)
  A polar bear (Lair:2)
  7 blink frogs
  A wyvern (Lair:2)
  2 vampires
  A shadow (D:12)
  29 yaks
  2 steam dragons
  A warg (Orc:1)
  2 basilisks
  A death yak simulacrum (IceCv)
  3 vampire mosquitoes (D:9)
  10 water moccasins
  A hydra simulacrum (IceCv)
  A swamp drake (Lair:3)
  13 orc warriors
  3 sky beasts
  2 ice beasts
  8 ogres
  A black bear (D:4)
  3 wolves (Lair:2)
  4 centaurs
  5 kobold brigands
  10 bullfrogs
  6 scorpions
  A gnoll sergeant (D:8)
  14 wights
  An elephant simulacrum (IceCv)
  4 howler monkeys
  2 electric eels (Lair:2)
  A bombardier beetle (D:6)
  A bullfrog zombie (Ossuary)
  4 crimson imps (D:8)
  11 orc priests
  4 jellies
  3 centaur zombies (Ossuary)
  2 gnoll boudas
  3 hounds
  2 iguanas
  2 sleepcaps
  19 orc wizards
  3 polar bear simulacra
  3 scorpion zombies
  2 wolf simulacra
  A hound zombie (D:5)
  3 hound skeletons (D:5)
  21 gnolls
  A howler monkey skeleton (D:5)
  6 adders
  A shadow imp (D:7)
  2 ufetubi (D:5)
  3 adder zombies (Ossuary)
  2 adder skeletons (D:5)
  4 dart slugs
  57 orcs
  5 endoplasms
  7 giant cockroaches
  5 goblins
  8 hobgoblins
  29 kobolds
  6 quokkas
  7 ball pythons
  5 bats
  4 frilled lizards
  2 gnoll zombies (Ossuary)
  5 goblin zombies (Ossuary)
  A hobgoblin zombie (Ossuary)
  5 orc zombies (Ossuary)
  6 rats
  4 fulminant prisms (IceCv)
468 creatures vanquished.

Vanquished Creatures (collateral kills)
  A catoblepas (Lair:4)
  2 cyclopes
  A kobold blastminer (Orc:1)
  An unseen horror (D:12)
  4 cane toads
  A komodo dragon (Lair:3)
  2 polar bears
  2 trolls
  A blink frog (Lair:2)
  9 yaks
  A wyvern (Lair:1)
  A death yak simulacrum (Lair:1)
  A warg (Orc:2)
  2 water moccasins
  An orc warrior (Orc:1)
  A centaur (D:12)
  A bullfrog (Lair:4)
  A scorpion (Orc:1)
  An orc priest (Orc:2)
  A wolf simulacrum (IceCv)
  2 orcs (Orc:2)
37 creatures vanquished.

Vanquished Creatures (others)
  An arcanist (D:7)
  An orc priest (Orc:2)
  5 ancestors
  7 knights
  202 fulminant prisms
216 creatures vanquished.

Grand Total: 721 creatures vanquished

Notes
Turn   | Place    | Note
-------+----------+-------------------------------------------
     0 | D:1      | ketsa the Deep Elf Conjurer began the quest for the Orb.
     0 | D:1      | Reached XP level 1. HP: 10/10 MP: 6/6
     6 | D:1      | Noticed a mana viper
     6 | D:1      | Noticed a swamp worm
     6 | D:1      | Noticed a wyvern
     7 | D:1      | Noticed a scorpion
     7 | D:1      | Noticed a crocodile
   221 | D:1      | Reached XP level 2. HP: 15/15 MP: 0/8
   595 | D:1      | Learned a level 2 spell: Searing Ray
  1077 | D:2      | Reached skill level 5 in Conjurations
  1077 | D:2      | Reached XP level 3. HP: 19/19 MP: 5/10
  2000 | D:3      | Found an opulent altar of Gozag.
  2173 | D:3      | Reached XP level 4. HP: 24/24 MP: 7/11
  2205 | D:3      | Reached skill level 4 in Spellcasting
  2696 | D:3      | Reached XP level 5. HP: 28/28 MP: 9/13
  2803 | D:3      | Found a shadowy altar of Dithmenos.
  2944 | D:3      | Found a snail-covered altar of Cheibriados.
  3135 | D:4      | Noticed a black bear
  3171 | D:4      | Killed a black bear
  3311 | D:4      | Reached skill level 5 in Spellcasting
  3311 | D:4      | Reached XP level 6. HP: 23/32 MP: 6/15
  3446 | D:4      | Reached skill level 5 in Stealth
  3550 | D:4      | Noticed an ice beast
  3724 | D:4      | Killed an ice beast
  3725 | D:4      | Reached XP level 7. HP: 36/36 MP: 9/17
  3838 | D:5      | Entered Level 5 of the Dungeon
  3962 | D:5      | Found an ancient bone altar of Kikubaaqudgha.
  4059 | D:5      | Reached skill level 6 in Spellcasting
  4275 | D:5      | Found a sand-covered staircase.
  4298 | Ossuary  | Entered an ossuary
  4938 | Ossuary  | Reached XP level 8. HP: 41/41 MP: 11/20
  5040 | Ossuary  | Noticed a silent spectre
  5922 | D:6      | Reached skill level 7 in Spellcasting
  6059 | D:6      | Reached skill level 1 in Translocations
  6059 | D:6      | Reached skill level 1 in Alchemy
  6306 | D:6      | Noticed PanSaczeczos's ghost (novice MfHu)
  6358 | D:6      | Found a runed translucent gate.
  6360 | D:6      | Found a runed translucent gate.
  6361 | D:6      | Found a runed translucent gate.
  7531 | D:7      | Reached skill level 8 in Spellcasting
  7620 | D:7      | Reached XP level 9. HP: 31/42 MP: 4/23
  7740 | D:7      | Learned a level 4 spell: Fulminant Prism
  7910 | D:7      | Found a staircase to the Ecumenical Temple.
  7917 | Temple   | Entered the Ecumenical Temple
  8371 | D:7      | Found a bloodstained altar of Trog.
  8374 | D:7      | Noticed a wizard
  8379 | D:7      | Killed a wizard
  8495 | D:8      | Reached skill level 9 in Spellcasting
  8619 | D:8      | Reached skill level 10 in Conjurations
  8658 | D:8      | Reached skill level 5 in Alchemy
  8768 | D:8      | Reached skill level 5 in Translocations
  9019 | D:8      | Found a shimmering altar of Xom.
  9534 | D:7      | Learned a level 4 spell: Iskenderun's Mystic Blast
  9922 | D:8      | Noticed a merfolk
  9951 | D:8      | Killed a merfolk
 10090 | D:8      | Reached XP level 10. HP: 50/50 MP: 20/25
 10294 | D:8      | Found a hazy altar of Hepliaklqana.
 10302 | D:8      | Became a worshipper of Hepliaklqana the Forgotten
 10507 | D:9      | Reached skill level 10 in Spellcasting
 10876 | D:9      | Found a hazy altar of Hepliaklqana.
 10996 | D:9      | Upgraded the game from 0.31-a0-1591-g515db51633 to
                  | 0.31-a0-1598-g94871bc2e8
 11069 | D:9      | Found a blossoming altar of Fedhas.
 11103 | D:9      | Reached * piety under Hepliaklqana
 11175 | D:9      | Found a sacrificial altar of Ru.
 11312 | D:10     | Entered Level 10 of the Dungeon
 11444 | D:10     | Found a radiant altar of Vehumet.
 11445 | D:10     | Noticed a two-headed ogre
 11450 | D:10     | Killed a two-headed ogre
 11581 | D:10     | Found a glowing golden altar of the Shining One.
 11582 | D:10     | Noticed a two-headed ogre
 11588 | D:10     | Killed a two-headed ogre
 11589 | D:10     | Reached skill level 11 in Spellcasting
 11685 | D:10     | Reached XP level 11. HP: 48/48 MP: 2/28
 11819 | D:10     | Found a glowing silver altar of Zin.
 11859 | D:10     | Found Axkemn's Jewellery Emporium.
 11917 | D:10     | Reached ** piety under Hepliaklqana
 12224 | D:10     | Reached skill level 1 in Air Magic
 12231 | D:10     | Reached skill level 1 in Fighting
 12231 | D:10     | Reached skill level 1 in Invocations
 12231 | D:10     | Reached skill level 1 in Evocations
 12403 | D:10     | Found a hide-covered altar of Uskayaw.
 12413 | D:10     | Found a stormy altar of Qazlal.
 12446 | D:10     | Found an ornate altar of the Wu Jian Council.
 12745 | D:11     | Noticed a two-headed ogre
 12751 | D:11     | Killed a two-headed ogre
 12769 | D:11     | Noticed Lodul
 12912 | D:11     | Killed Lodul
 12913 | D:11     | Reached skill level 12 in Spellcasting
 13030 | D:11     | Identified the +6 dagger "Vowun" {heavy, rElec Str+3}
 13044 | D:11     | Found Rudoosm's Book Emporium.
 13183 | D:11     | Remembered your ancestor Appius as a knight
 13279 | D:11     | Found a staircase to the Lair.
 13287 | D:11     | Identified the +4 ring mail of Joobaw {rElec rC+ rN++
                  | Stlth+}
 13293 | Lair:1   | Entered Level 1 of the Lair of Beasts
 13293 | Lair:1   | Found a frozen archway.
 13298 | Lair:1   | Noticed Maggie
 13304 | Lair:1   | Killed Maggie
 13388 | IceCv    | Entered an ice cave
 13525 | IceCv    | Noticed a white ugly thing
 13533 | IceCv    | Killed a white ugly thing
 13798 | IceCv    | Noticed a white ugly thing
 13833 | IceCv    | Killed a white ugly thing
 14166 | Lair:1   | Reached *** piety under Hepliaklqana
 14525 | Lair:1   | Reached XP level 12. HP: 32/57 MP: 21/30
 15108 | Lair:2   | Noticed Ateliawn's ghost (journeyman GnFi)
 15108 | Lair:2   | Found a runed translucent door.
 15763 | Lair:2   | Learned a level 3 spell: Swiftness
 15769 | Lair:2   | Learned a level 5 spell: Arcjolt
 15831 | Lair:2   | Reached skill level 13 in Spellcasting
 16203 | Lair:2   | Reached skill level 5 in Invocations
 16207 | Lair:2   | Reached skill level 5 in Evocations
 16630 | Lair:2   | Reached skill level 5 in Air Magic
 16742 | Lair:2   | Found a hole to the Spider Nest.
 16755 | Spider:1 | Entered Level 1 of the Spider Nest
 17029 | Lair:3   | Reached **** piety under Hepliaklqana
 17640 | Lair:3   | Found a staircase to the Swamp.
 17753 | Lair:2   | Upgraded the game from 0.31-a0-1598-g94871bc2e8 to
                  | 0.31-a0-1610-g9787180647
 18487 | Lair:4   | Noticed a death yak
 18487 | Lair:4   | Noticed a death yak
 18488 | Lair:4   | Noticed a death yak
 18525 | Lair:4   | Noticed a four-headed hydra
 18881 | D:12     | Noticed a two-headed ogre
 18891 | D:12     | Killed a two-headed ogre
 19085 | D:12     | Noticed a centaur warrior
 19094 | D:12     | Killed a centaur warrior
 19095 | D:12     | Reached skill level 5 in Fighting
 19095 | D:12     | Reached XP level 13. HP: 34/64 MP: 19/32
 19214 | D:12     | Reached ***** piety under Hepliaklqana
 19642 | D:12     | Found a staircase to the Orcish Mines.
 19647 | Orc:1    | Entered Level 1 of the Orcish Mines
 19670 | Orc:1    | Reached skill level 14 in Spellcasting
 20207 | Orc:1    | Found a bloodstained altar of Trog.
 20606 | Orc:1    | Upgraded the game from 0.31-a0-1610-g9787180647 to
                  | 0.31-a0-1612-g4aaf141004
 20617 | Orc:2    | Entered Level 2 of the Orcish Mines
 20919 | Orc:2    | Found Yfeptaxe's Weapon Boutique.
 21222 | Orc:2    | Upgraded the game from 0.31-a0-1612-g4aaf141004 to
                  | 0.31-a0-1616-gbeaec30b81
 21810 | Orc:2    | Found a staircase to the Elven Halls.
 21849 | Elf:1    | Entered Level 1 of the Elven Halls
 22233 | Orc:2    | Found Venau's Antique Weapon Boutique.
 22233 | Orc:2    | Found Esiupsyt's Armour Shoppe.
 22235 | Orc:2    | Found Tagueg's Antique Armour Boutique.
 22235 | Orc:2    | Found Vigel's Distillery.
 22272 | Orc:2    | Bought a pair of glowing boots for 270 gold pieces
 22272 | Orc:2    | Bought a pair of crude gloves for 342 gold pieces
 22272 | Orc:2    | Identified the +0 pair of gloves of Noon {+Inv rC- Dex-4
                  | Slay+5} (You bought it in a shop on level 2 of the Orcish
                  | Mines)
 22307 | Orc:2    | Noticed Donald
 22318 | Orc:2    | Killed Donald
 22810 | D:12     | Reached skill level 1 in Summonings
 22965 | D:12     | Reached skill level 15 in Spellcasting
 23374 | D:13     | Found Nyileeq's Armour Emporium.
 24028 | Lair:4   | Reached XP level 14. HP: 72/72 MP: 28/35
 24082 | Lair:4   | Found a white marble altar of Elyvilon.
 24114 | Lair:4   | Reached ****** piety under Hepliaklqana
 24184 | Lair:4   | Mangled by a death yak

Illustrated notes

Levels and vault maps discovered:
D:1:      onia_arrival_zoo_common, layout_loops_ring
D:2:      layout_loops_ring
D:3:      layout_basic, general_overflow_altar, grunt_dithmenos_smoke,
          mainiacjoe_overflow_brackets
D:4:      layout_rooms, corexii_shack
D:5:      layout_loops_corners, nicolae_kikubaaqudgha_miasma_corner,
          mainiacjoe_ossuary_entry_find_the_door
D:6:      layout_layer_cave, gammafunk_ghost_icy, minmay_puff
D:7:      layout_rooms, trog_wizard, minmay_temple_entry_mini_moons,
          minmay_misc_feat_more_columns
D:8:      layout_basic, led_xom_imps, roadster_trireme
D:9:      layout_basic, mainiacjoe_overflow_boulevard,
          nicolae_overflow_crystal_walls, fedhas_altar_1
D:10:     layout_irregular_city, mainiacjoe_overflow_alcove_2,
          nicolae_overflow_quartered_altars,
          mainiacjoe_overflow_concentric_impassable, serial_shops,
          nicolae_lakefront_shop
D:11:     layout_rooms, lair_entry_dummy, serial_shops, shop, uniq_lodul
D:12:     layout_small_grid, hiddenorc1_lemuel
D:13:     layout_gridville, erik_vaults_2, serial_shops, shop, uniq_rupert
Temple:   nicolae_temple_bog_church
Lair:1:   layout_cave_pods, gauntlet_entry_generic,
          portal_ice_cave_entry_ice_simulacra, guppyfry_lair_drakes, uniq_maggie
Lair:2:   layout_hall_layers, dummy_spider_entry, gammafunk_ghost_grave,
          grunt_megastairs_3, lemuel_fruit_tree, serial_bayou_shore_a,
          infiniplex_staircase_pool_2
Lair:3:   layout_cave_pods, mainiacjoe_swamp_entry_lozenge_pond
Lair:4:   layout_long_grid, basic_altar
Spider:1: layout_cave_pods, nicolae_spider_shape
Orc:1:    layout_diamond_mine, nicolae_orc_stalacmites, trog_butcher_becter
Orc:2:    grunt_orc_tribal_feast, layout_caves, serial_shops, shop,
          david_defended_altar_orc, uniq_donald
Elf:1:    nicolae_elf_arrival_fired_up, layout_loops_cross,
          hangedman_elf_disciples, serial_library_hellmonk_reading_circle

Skill      XL: |  1  2  3  4  5  6  7  8  9 10 11 12 13 14 |
---------------+-------------------------------------------+-----
Stealth        | 3 4 5 6 |  6.5
Conjurations   | 5 6 7 8 9 10 11 12 13 14 | 14.0
Spellcasting   | 4 5 6 8 9 11 12 13 15 | 15.5
Translocations | 3 5 7 |  7.6
Alchemy        | 3 5 7 8 |  8.9
Air Magic      | 3 6 8 |  8.0
Fighting       | 3 5 6 |  6.9
Invocations    | 4 5 |  5.8
Evocations     | 4 5 |  5.7
Summonings     | 3 4 |  4.0
Dodging        | |  2.4

Action                     |  1- 3 |  4- 6 |  7- 9 | 10-12 | 13-15 || total
---------------------------+-------+-------+-------+-------+-------++-------
  Melee: Short sword       |       |     2 |       |       |       ||     2
         Staff             |       |       |     2 |     7 |     3 ||    12
   Cast: Magic Dart        |    96 |    61 |   146 |   198 |   114 ||   615
         Searing Ray       |       |     9 |    66 |    39 |    26 ||   140
         Fulminant Prism   |       |       |    28 |   109 |    69 ||   206
         Iskenderun's Myst |       |       |       |    24 |     7 ||    31
         Arcjolt           |       |       |       |    17 |    13 ||    30
         Swiftness         |       |       |       |     1 |     3 ||     4
 Invoke: Ancestor Life: Kn |       |       |       |     1 |       ||     1
         Recall Ancestor   |       |       |       |     6 |     4 ||    10
    Use: Scroll            |       |     3 |     3 |     8 |     6 ||    20
         Potion            |       |       |       |     2 |       ||     2
 Armour: Robe              |     9 |    10 |    91 |    83 |    32 ||   225
  Dodge: Dodged            |    12 |     7 |    71 |    62 |    15 ||   167
  Block: Other             |       |       |       |       |     5 ||     5

Table legend: (Time is in decaauts)
 A = Elapsed time spent in this place.
 B = Non-inter-level travel time spent in this place.
 C = Inter-level travel time spent in this place.
 D = Time resting spent in this place.
 E = Time spent auto-exploring this place.
 F = Levels seen in this place.
 G = Mean time per level.
                   A        B        C        D        E       F      G
               +--------+--------+--------+--------+--------+-----+--------+
         Total |  24247 |  23117 |   1130 |   8338 |   8511 |  24 | 1010.3 |
       Dungeon |  14011 |  13540 |    471 |   3981 |   6333 |  13 | 1077.8 |
        Temple |    161 |    161 |      0 |     90 |      0 |   1 |  161.0 |
          Lair |   5516 |   5016 |    500 |   1994 |   1461 |   4 | 1379.0 |
   Spider Nest |      1 |      1 |      0 |      0 |      0 |   1 |    1.0 |
  Orcish Mines |   3066 |   2907 |    159 |   1292 |    717 |   2 | 1533.0 |
   Elven Halls |     67 |     67 |      0 |     36 |      0 |   1 |   67.0 |
       Ossuary |    795 |    795 |      0 |    546 |      0 |   1 |  795.0 |
      Ice Cave |    626 |    626 |      0 |    399 |      0 |   1 |  626.0 |
               +--------+--------+--------+--------+--------+-----+--------+

Top non-repeatable levels by time:
  Lair:1: 2183 daAuts
   Orc:2: 2008 daAuts
     D:8: 1771 daAuts
  Lair:3: 1621 daAuts
     D:6: 1521 daAuts
    D:10: 1488 daAuts
     D:7: 1389 daAuts
    D:12: 1254 daAuts
  Lair:2: 1200 daAuts
     D:3: 1185 daAuts
     D:5: 1071 daAuts
     D:1: 1063 daAuts
   Orc:1: 1057 daAuts
     D:4: 934 daAuts
     D:2: 811 daAuts
